 Dungeon Crawl Stone Soup version 0.19.5 (webtiles) character file.

2070 miragecloak the Spear-Bearer (level 9, -8/69 HPs)
             Began as a Merfolk Abyssal Knight on May 8, 2017.
             Was a Priest of Lugonu.
             Mangled by Pikel
             ... wielding a +2 whip of electrocution
              (14 damage)
             ... on level 6 of the Dungeon.
             The game lasted 00:13:26 (10538 turns).

miragecloak the Spear-Bearer (MfAK)                Turns: 10538, Time: 00:13:27

Health: -8/69      AC:  5    Str: 12    XL:     9   Next: 26%
Magic:  14/14      EV: 18    Int: 11    God:    Lugonu [***...]
Gold:   559        SH:  0    Dex: 17    Spells: 0 memorised, 8 levels left

rFire  . . .     SeeInvis .     a - +1 spear
rCold  . . .     Gourm    .     b - +0 leather armour
rNeg   . . .     Faith    .     (no shield)
rPois  .         Spirit   .     (helmet restricted)
rElec  .         Reflect  .     (no cloak)
rCorr  .         Harm     .     (no gloves)
MR     +....                    (no boots)
Stlth  +.........               (no amulet)
                                (no ring)
                                x - +2 ring of evasion

@: no status effects
A: change form in water, swift swim, stealthy swim, antennae 1, molten scales 1,
magic resistance 1
a: Depart the Abyss, Bend Space, Banish, Renounce Religion


You were on level 6 of the Dungeon.
You worshipped Lugonu.
Lugonu was most pleased with you.
You were hungry.

You visited 1 branch of the dungeon, and saw 7 of its levels.
You visited the Abyss 1 time.

You collected 559 gold pieces.

Inventory:

Hand Weapons
 a - a +1 spear (weapon)
 j - a +0 rapier of draining
 E - a +2 vampiric spear
Armour
 b - a +0 leather armour (worn)
Jewellery
 x - a +2 ring of evasion (left hand)
 J - an uncursed amulet of the gourmand {unknown}
Wands
 o - a wand of random effects (13/48)
Scrolls
 d - 2 scrolls of immolation {unknown}
 f - 2 scrolls of magic mapping {unknown}
 i - 5 scrolls of remove curse {unknown}
 l - 2 scrolls of enchant armour {unknown}
 m - 5 scrolls of amnesia {unknown}
 q - a scroll of blinking {unknown}
 r - 3 scrolls of teleportation {unknown}
 w - 2 scrolls of fog {unknown}
 z - 7 scrolls of identify {unknown}
 B - a scroll of fear {unknown}
 H - a scroll of random uselessness {unknown}
Potions
 e - 3 potions of magic {unknown}
 g - 4 potions of curing
 h - a potion of mutation {unknown}
 k - 2 potions of might {unknown}
 n - 5 potions of lignification {unknown}
 p - 3 potions of brilliance {unknown}
 s - a potion of degeneration {unknown}
 t - a potion of agility {unknown}
 v - a potion of haste {unknown}
 A - a potion of cancellation {unknown}
 D - 2 potions of cure mutation {unknown}
 G - a potion of invisibility {unknown}
Books
 y - Nugemog's Almanac of Unstable Confrontation
   (You found it on level 4 of the Dungeon)

   Spells                             Type                      Level
   a - Throw Frost                    Conjuration/Ice              2
   b - Lesser Beckoning               Translocation                3
   c - Iskenderun's Mystic Blast      Conjuration                  4
   d - Delayed Fireball               Conjuration/Fire             7
 F - a book of Battle

   Spells                             Type                      Level
   a - Infusion                       Charms                       1
   b - Shroud of Golubria             Charms/Translocation         2
   c - Song of Slaying                Charms                       2
   d - Spectral Weapon                Hexes/Charms                 3
   e - Regeneration                   Charms/Necromancy            3
Comestibles
 c - 5 bread rations
 u - 3 beef jerkies
 C - 19 fruits


   Skills:
 - Level 6.0 Fighting
 - Level 11.0 Polearms
 - Level 0.6 Armour
 + Level 7.0 Dodging
 - Level 7.0 Invocations


You had 8 spell levels left.
You didn't know any spells.

Dungeon Overview and Level Annotations

Branches:
Dungeon (7/15)             Temple (0/1) D:6

Altars:
Yredelemnul

Annotations:
D:3 1 runed door
D:6 Pikel
D:7 Prince Ribbit


Innate Abilities, Weirdness & Mutations

You revert to your normal form in water.
You are very nimble and swift while swimming.
You are very stealthy in the water. (Stealth+)
You have a pair of small antennae on your head.
You are partially covered in molten scales. (AC +2)
You are resistant to hostile enchantments. (MR+)


Message History

You barely miss Pikel.
Pikel is almost dead.
Pikel hits you with a whip of electrocution!
* * * LOW HITPOINT WARNING * * *
You are electrocuted!
* * * LOW HITPOINT WARNING * * *
You hit Pikel but do no damage.
Pikel is almost dead.
You barely miss Pikel.
Pikel is almost dead.
Pikel barely misses you.
You barely miss Pikel.
Pikel is almost dead.
You closely miss Pikel.
Pikel is almost dead.
Pikel waves his whip at you.
Pikel hits you with a whip of electrocution.
* * * LOW HITPOINT WARNING * * *
You are electrocuted!
You die...

#.#.###.#######
#.#...#..#
#.#.###.#
#.#.#.#..#
#......)#
#.#.#.#..#
###.#########
#........#
##.##......#
#######†####
#...#.####.#
#.......#
#...#.####.#
#.#######
#.......##[###.#
#####.#..@K....#
#.####.#####
#......#
########


You could see Pikel.

Vanquished Creatures
  The ghost of miragecloak the Spear-Bearer, an amateur MfAK of Lugonu (D:3)
  3 slaves
  An ice beast (D:6)
  A sky beast (D:4)
  A phantom (D:4)
  An eye of draining (D:5)
  3 ogres
  A bullfrog (D:7)
  2 scorpions
  2 howler monkeys (D:7)
  6 hounds
  2 centaur zombies
  3 orc priests
  3 orc wizards
  3 bullfrog skeletons
  A centaur skeleton (D:5)
  2 iguanas
  6 worker ants
  Natasha (thrice) (D:2 D:1)
  A hound zombie (D:5)
  A hound skeleton (D:4)
  3 howler monkey skeletons
  13 adders
  An adder skeleton (D:4)
  An adder zombie (D:5)
  3 worms
  A dart slug (D:3)
  20 orcs
  7 bats
  7 giant cockroaches
  8 goblins
  6 hobgoblins
  16 jackals
  3 kobolds
  A ball python (D:3)
  5 frilled lizards
  A jackal zombie (D:7)
  A leopard gecko skeleton (D:4)
  5 rats
  A spectral orc (D:3)
150 creatures vanquished.

Notes
Turn   | Place    | Note
-------+----------+-------------------------------------------
     0 | Abyss:1  | miragecloak the Merfolk Abyssal Knight began the quest for the Orb.
     0 | Abyss:1  | Reached XP level 1. HP: 18/18 MP: 2/2
    32 | Abyss:1  | Noticed an eye of draining
    33 | D:1      | Escaped the Abyss
   376 | D:1      | Reached skill level 4 in Polearms
   376 | D:1      | Reached XP level 2. HP: 23/24 MP: 3/3
   574 | D:1      | Reached * piety under Lugonu
   925 | D:2      | Reached skill level 5 in Polearms
   925 | D:2      | Reached XP level 3. HP: 15/29 MP: 4/4
  1185 | D:2      | Noticed Natasha
  1194 | D:2      | Killed Natasha
  1222 | D:2      | Noticed Natasha
  1235 | D:2      | Killed Natasha
  1235 | D:2      | Reached XP level 4. HP: 23/38 MP: 5/5
  1340 | D:2      | Noticed Natasha
  1393 | D:1      | Killed Natasha
  1624 | D:2      | Reached skill level 5 in Fighting
  1696 | D:2      | Reached XP level 5. HP: 44/44 MP: 6/6
  2036 | D:3      | Noticed miragecloak's ghost (amateur MfAK)
  3083 | D:4      | Reached skill level 6 in Polearms
  3083 | D:4      | Reached XP level 6. HP: 48/52 MP: 7/7
  3223 | D:4      | Noticed a phantom
  3288 | D:3      | Found a faded altar of an unknown god.
  3297 | D:3      | Reached ** piety under Lugonu
  3939 | D:4      | Identified Nugemog's Almanac of Unstable Confrontation
  4024 | D:3      | Reached skill level 7 in Polearms
  4570 | D:5      | Entered Level 5 of the Dungeon
  4804 | D:5      | HP: 1/52 [scorpion (2)]
  4807 | D:5      | Reached XP level 7. HP: 6/58 MP: 8/8
  5367 | D:4      | Reached skill level 8 in Polearms
  5367 | D:4      | Reached skill level 5 in Dodging
  5867 | D:5      | Reached skill level 9 in Polearms
  6246 | D:5      | Reached XP level 8. HP: 64/64 MP: 9/9
  6302 | D:5      | Reached *** piety under Lugonu
  7113 | D:6      | Reached skill level 10 in Polearms
  7451 | D:6      | Found a staircase to the Ecumenical Temple.
  7924 | D:7      | Noticed Prince Ribbit
  8224 | D:3      | Found a basalt altar of Yredelemnul.
  8603 | D:3      | Killed miragecloak's ghost
  8603 | D:3      | Reached skill level 11 in Polearms
  8603 | D:3      | Reached skill level 5 in Invocations
  8922 | D:3      | Found a runed door.
  9057 | D:4      | Gained mutation: You have a pair of small antennae on your head. [mutagenic meat]
  9058 | D:4      | Gained mutation: Your mind is acute. (Int +2) [mutagenic meat]
  9059 | D:4      | Gained mutation: You are partially covered in molten scales. (AC +2) [mutagenic meat]
  9060 | D:4      | Lost mutation: Your mind is acute. (Int +2) [mutagenic meat]
  9061 | D:4      | Gained mutation: You are resistant to hostile enchantments. (MR+) [mutagenic meat]
  9288 | D:7      | Reached XP level 9. HP: 46/69 MP: 13/13
  9423 | D:7      | Noticed Pikel
 10538 | D:6      | Mangled by Pikel

Skill      XL: |  1  2  3  4  5  6  7  8  9 |
---------------+----------------------------+-----
Polearms       | 4 5 6 7 9 11 | 11.0
Fighting       | 4 5 6 |  6.0
Dodging        | 4 5 7 |  7.0
Invocations    | 6 7 |  7.0
Armour         | |  0.6

Action                   |  1- 3 |  4- 6 |  7- 9 || total
-------------------------+-------+-------+-------++-------
Melee: Spear             |    60 |   183 |   736 ||   979
       Rapier            |    21 |   100 |       ||   121
Invok: Depart the Abyss  |     1 |       |       ||     1
  Use: Potion            |       |     1 |       ||     1
 Stab: Sleeping          |     1 |       |       ||     1
  Eat: Chunk             |     1 |     5 |    20 ||    26
       Bread ration      |       |     1 |       ||     1
       Meat ration       |       |       |     1 ||     1
Armor: Leather armour    |    13 |    39 |    34 ||    86
Dodge: Dodged            |    48 |   233 |   348 ||   629
